 Dungeon Crawl Stone Soup version 0.29-a0-872-g797fff5ad1 (webtiles) character file.

Game seed: 3652663499378788836

2879 Ijustatesigmund the Destroyer (level 9, -18/62 HPs)
             Began as an Octopode Earth Elementalist on July 19, 2022.
             Demolished by Grum
             ... wielding a +1 spear
              (21 damage)
             ... on level 8 of the Dungeon.
             The game lasted 00:18:53 (9521 turns).

Ijustatesigmund the Destroyer (OpEE)                Turns: 9521, Time: 00:18:53

Health: -18/62     AC:  1    Str:  7 (8)  XL:     9   Next: 76%
Magic:  9/23       EV: 14    Int: 18 (21) God:
Gold:   47         SH:  0    Dex: 10 (12) Spells: 9/15 levels left

rFire   + . .      SeeInvis .   p - +7 captain's cutlass {speed, disarm}
rCold   . . .      Faith    .   (no shield)
rNeg    . . .      Spirit   .   (helmet restricted)
rPois   .          Reflect  .   q - amulet of the acrobat
rElec   .          Harm     .   c - ring of resist corrosion
rCorr   +          Rampage  .   t - ring of protection from fire
Will    .....                   x - ring of magical power
Stlth   +++.......              (no ring)
HPRegen 0.20/turn               (no ring)
MPRegen 0.18/turn               (no ring)
                                (no ring)
                                (no ring)

@: no status effects
A: almost no armour, amphibious, 8 rings, camouflage 1, gelatinous body 1,
(nimble swimmer 1), tentacles
a: no special abilities


You were on level 8 of the Dungeon.
You visited 1 branch of the dungeon, and saw 8 of its levels.

You collected 369 gold pieces.
You spent 322 gold pieces at shops.

Inventory:

Hand Weapons
 b - a +2 dagger of pain
 p - the +7 captain's cutlass (weapon) {speed, disarm}
   (You found it on level 3 of the Dungeon)

   Attacks with this weapon are significantly faster.
   It may disarm weapon-wielding foes when striking them, dealing extra damage
   in the process.
Missiles
 r - 2 throwing nets
Jewellery
 c - a ring of resist corrosion (left tentacle)
 q - an amulet of the acrobat (around mantle)
 s - an amulet of regeneration
 t - a ring of protection from fire (right tentacle)
 v - a ring of flight
 x - a ring of magical power (on tentacle)
Wands
 d - a wand of flame (8)
 n - a wand of mindburst (5)
 w - a wand of charming (8)
 z - a wand of polymorph (14)
Scrolls
 j - 2 scrolls of teleportation
 o - 5 scrolls of amnesia
Potions
 a - 4 potions of magic
 e - 3 potions of curing
 f - 2 potions of brilliance
 g - 2 potions of mutation
 h - 3 potions of attraction
 k - a potion of haste {unknown}
 l - 2 potions of degeneration
 m - 2 potions of cancellation
 u - a potion of invisibility {unknown}


   Skills:
 - Level 5.8 Fighting
 - Level 6.2 Dodging
 + Level 3.4 Stealth
 + Level 3.8 Spellcasting
 - Level 9.1 Conjurations
 - Level 3.4 Transmutations
 - Level 8.8 Earth Magic
 + Level 1.1 Evocations


You had 9 spell levels left.
You knew the following spells:

 Your Spells              Type           Power      Damage    Failure   Level
a - Sandblast             Erth           70%        2d15      1%          1
b - Stone Arrow           Conj/Erth      70%        3d11      1%          3
c - Passwall              Tmut/Erth      20%        N/A       1%          2

Your spell library contained the following spells:

 Spells                   Type           Power      Damage    Failure   Level
 Petrify                  Tmut/Erth      25%        N/A       12%         4
 Apportation              Tloc           6%         N/A       16%         1
 Poisonous Vapours        Pois/Air       6%         N/A       22%         2
 Portal Projectile        Hex/Tloc       6%         N/A       41%         3
 Tukima's Dance           Hex            3%         N/A       41%         3
 Blade Hands              Tmut           7%         N/A       69%         5
 Corpse Rot               Necr/Pois/Air  3%         N/A       83%         4
 Dispel Undead            Necr           3%         3d7       83%         4
 Alistair's Intoxication  Tmut/Pois      6%         N/A       90%         5
 Death Channel            Necr           1%         N/A       100%        6


Dungeon Overview and Level Annotations

Branches:
Dungeon (8/15)
 Temple: D:4-7         Lair: D:8-11

Altars:
Ashenzari
Ru
Trog
Uskayaw
Zin

Shops:
D:2 *   D:3 =   D:5 (

Annotations:
D:8 Grum


Innate Abilities, Weirdness & Mutations

You cannot wear most types of armour.
You are amphibious.
You can wear up to eight rings at the same time.
Your skin changes colour to match your surroundings (Stealth+).
Your rubbery body absorbs attacks. (AC +1, EV +1)
((You are camouflaged when in or above water. (Stealth+)))
You have tentacles for arms and can constrict up to eight enemies at once.


Message History

Press: ? - help, Shift-Dir - straight line, f/p - Grum
Aim: Grum, wielding a +1 spear and wearing a +0 animal skin (heavily wounded, 79% to hit)
The stone arrow hits Grum!
Grum is severely wounded.
Grum hits you but does no damage.
You feel better. Grum hits you but does no damage.
Casting: Stone Arrow (safe; 1% risk of failure)
Confirm with . or Enter, or press ? or * to list all spells.
Aiming: Stone Arrow (safe; 1% risk of failure)
Press: ? - help, Shift-Dir - straight line, f/p - Grum
Aim: Grum, wielding a +1 spear and wearing a +0 animal skin (severely wounded, 79% to hit)
The stone arrow hits Grum!
Grum is almost dead.
Grum hits you from afar with a +1 spear!
* * * LOW HITPOINT WARNING * * *
Casting: Stone Arrow (safe; 1% risk of failure)
Confirm with . or Enter, or press ? or * to list all spells.
Aiming: Stone Arrow (safe; 1% risk of failure)
Press: ? - help, Shift-Dir - straight line, f/p - Grum
Aim: Grum, wielding a +1 spear and wearing a +0 animal skin (almost dead, 79% to hit)
The stone arrow hits Grum.
Grum is almost dead.
A wolf comes into view.
Grum hits you but does no damage.
A wolf comes into view.
Okay, then.
It was a potion of degeneration.
There was something very wrong with that liquid.
You feel weakened.
You feel dopey.
You feel clumsy.
Grum hits you from afar with a +1 spear.
* * * LOW HITPOINT WARNING * * *
It was a potion of cancellation.
Your magical effects are unravelling.
You feel magically purged.
You feel less wooden. Grum closely misses you.
You feel better. The wolf bites you.
* * * LOW HITPOINT WARNING * * *
Grum hits you from afar with a +1 spear!!
You die...

... ...
#.# #.#
#)# #.#
#.# #.#
#@# #h#
g..
..h..
...#...
....
.#.#
###.#
.#.# ..
.# .


You could see Grum and 2 wolves.

Vanquished Creatures
  A water moccasin (D:7)
  4 ice beasts
  2 centaurs
  A bullfrog (D:7)
  2 scorpions
  A necrophage (D:7)
  3 howler monkeys
  A jelly (D:5)
  3 orc priests
  3 hounds
  Jessica (D:3)
  2 orc wizards
  Natasha (D:2)
  An iguana (D:7)
  6 adders
  A white imp (D:5)
  2 ufetubi
  2 worms
  2 dart slugs (D:4)
  27 orcs
  4 bats
  3 endoplasms
  3 giant cockroaches
  6 goblins
  3 hobgoblins (D:1)
  7 jackals
  5 quokkas
  3 training dummies (D:5)
  8 ball pythons
  5 frilled lizards
  8 kobolds
  3 rats
124 creatures vanquished.

Vanquished Creatures (others)
  A centaur (D:8)
  5 plants (D:2)
6 creatures vanquished.

Grand Total: 130 creatures vanquished

Notes
Turn   | Place    | Note
-------+----------+-------------------------------------------
     0 | D:1      | Ijustatesigmund the Octopode Earth Elementalist began the
                  | quest for the Orb.
     0 | D:1      | Reached XP level 1. HP: 11/11 MP: 3/3
    45 | D:1      | Found a faded altar of an unknown god.
   299 | D:1      | Reached XP level 2. HP: 17/17 MP: 3/5
  1183 | D:2      | Reached XP level 3. HP: 4/21 MP: 1/6
  1427 | D:2      | Learned a level 3 spell: Stone Arrow
  1529 | D:2      | Learned a level 2 spell: Passwall
  1565 | D:2      | Found Asiokaneo's Assorted Antiques.
  1586 | D:2      | Bought 2 purple potions for 36 gold pieces
  1586 | D:2      | Bought 2 clear potions for 36 gold pieces
  1793 | D:2      | Reached XP level 4. HP: 27/27 MP: 4/8
  2087 | D:2      | Noticed Natasha
  2092 | D:2      | Killed Natasha
  2222 | D:3      | Found a bloodstained altar of Trog.
  2374 | D:3      | Found a glowing silver altar of Zin.
  2391 | D:3      | Found a sacrificial altar of Ru.
  2471 | D:3      | Found the +7 captain's cutlass {speed, disarm}
  2481 | D:3      | Noticed Jessica
  2485 | D:3      | Killed Jessica
  2486 | D:3      | Reached XP level 5. HP: 31/31 MP: 5/9
  3115 | D:3      | Found Opaenefo's One-of-a-Kind Rings.
  3523 | D:4      | Reached XP level 6. HP: 26/36 MP: 5/11
  3697 | D:4      | Reached skill level 1 in Conjurations
  4156 | D:4      | Reached skill level 2 in Conjurations
  4849 | D:5      | Entered Level 5 of the Dungeon
  4857 | D:5      | Found Wiyrhearch's Firing Range.
  5128 | D:5      | Found a broken altar of Ashenzari.
  5592 | D:5      | Noticed an ice beast
  5599 | D:5      | Killed an ice beast
  5600 | D:5      | Reached skill level 3 in Conjurations
  5600 | D:5      | Reached XP level 7. HP: 7/41 MP: 7/12
  5861 | D:5      | Reached skill level 4 in Conjurations
  6471 | D:6      | Reached skill level 5 in Conjurations
  7076 | D:2      | Bought an emerald ring for 100 gold pieces
  7131 | D:2      | Bought a scroll of blinking for 150 gold pieces
  7449 | D:7      | Reached skill level 5 in Earth Magic
  7449 | D:7      | Reached XP level 8. HP: 39/46 MP: 13/13
  8088 | D:6      | Reached skill level 6 in Conjurations
  8146 | D:7      | HP: 1/46 [water moccasin (4)]
  8148 | D:7      | Noticed a +0 dagger
  8148 | D:7      | Noticed a +0 spear
  8148 | D:7      | Noticed a +0 dagger
  8148 | D:7      | Noticed a +0 falchion
  8148 | D:7      | Noticed a +0 short sword
  8148 | D:7      | Noticed a +0 short sword
  8148 | D:7      | Noticed a +0 spear
  8148 | D:7      | Noticed a +0 falchion
  8449 | D:7      | Found a hide-covered altar of Uskayaw.
  9141 | D:7      | Identified the +0 leather armour of Vehumet's Condemnation
                  | {rN+ Regen+}
  9260 | D:7      | Reached skill level 5 in Fighting
  9260 | D:7      | Reached skill level 9 in Conjurations
  9260 | D:7      | Reached XP level 9. HP: 62/62 MP: 14/14
  9513 | D:8      | Noticed Grum
  9514 | D:8      | Reached skill level 1 in Evocations
  9517 | D:8      | HP: 3/93 [Grum/+1 spear (15)]
  9521 | D:8      | Demolished by Grum

Illustrated notes

Levels and vault maps discovered:
D:1:      erik_arrival_triangle_large, layout_loops_ring,
          shapermc_ecumenical_altar_mp_urbaneastern
D:2:      layout_loops_ring, serial_shops, nicolae_shop_overgrown_old_shop,
          uniq_natasha
D:3:      layout_loops_ring, bloody_trog, nicolae_overflow_squiral,
          nicolae_shop_unique_rings, minmay_checkerbox, uniq_jessica
D:4:      layout_layer_cave
D:5:      layout_loops_cross, evilmike_ruin_ashenzari, nrook_mini_backslash,
          nicolae_shop_firing_range
D:6:      layout_rooms, chequers_serial_rivers_micro_c, kennysheep_path_1
D:7:      layout_rooms, nicolae_uskayaw_en_pointe, minmay_temple_entry_trees,
          kennysheep_minor_cross
D:8:      layout_loops_ring, uniq_grum

Skill      XL: |  1  2  3  4  5  6  7  8  9 |
---------------+----------------------------+-----
Transmutations | 2 3 |  3.4
Spellcasting   | 3 |  3.8
Earth Magic    | 4 5 8 |  8.8
Conjurations   | 3 5 9 |  9.1
Fighting       | 5 |  5.8
Dodging        | 6 |  6.2
Stealth        | 3 |  3.4
Evocations     | 1 |  1.1

Action                   |  1- 3 |  4- 6 |  7- 9 || total
-------------------------+-------+-------+-------++-------
Melee: Short sword       |     5 |     1 |       ||     6
       Constrict         |     2 |    12 |     4 ||    18
       Tentacles         |     1 |     9 |     8 ||    18
       Cutlass           |       |    55 |    41 ||    96
       Punch             |       |       |     1 ||     1
 Cast: Sandblast         |    41 |    42 |    17 ||   100
       Stone Arrow       |       |     3 |    31 ||    34
Evoke: Wand              |       |     3 |     8 ||    11
  Use: Scroll            |     6 |     5 |     6 ||    17
       Potion            |       |       |     9 ||     9
 Stab: Sleeping          |       |     3 |       ||     3
Armor: Skin              |     1 |     2 |    17 ||    20
Dodge: Dodged            |    14 |    36 |    77 ||   127

Table legend: (Time is in decaauts)
 A = Elapsed time spent in this place.
 B = Non-inter-level travel time spent in this place.
 C = Inter-level travel time spent in this place.
 D = Time resting spent in this place.
 E = Time spent auto-exploring this place.
 F = Levels seen in this place.
 G = Mean time per level.
                   A        B        C        D        E       F      G
               +--------+--------+--------+--------+--------+-----+--------+
         Total |   9610 |   9118 |    492 |   3559 |   4583 |   8 | 1201.2 |
       Dungeon |   9610 |   9118 |    492 |   3559 |   4583 |   8 | 1201.2 |
               +--------+--------+--------+--------+--------+-----+--------+

Top non-repeatable levels by time:
     D:6: 1949 daAuts
     D:4: 1699 daAuts
     D:2: 1470 daAuts
     D:5: 1272 daAuts
     D:7: 1113 daAuts
     D:3: 1032 daAuts
     D:1: 947 daAuts
     D:8: 124 daAuts
